 Dungeon Crawl Stone Soup version 0.32-a0-607-g64ea0e4219 (webtiles) character file.

Game seed: 10438098670390455555

98 Sobieck the Sneak (level 4, -9/21 HPs)
             Began as a Spriggan Earth Elementalist on Mar 3, 2024.
             Killed from afar by Ijyb (13 damage)
             ... with a rupture
             ... on level 3 of the Dungeon.
             The game lasted 00:04:52 (2100 turns).

Sobieck the Sneak (Spriggan Earth Elementalist)     Turns: 2100, Time: 00:04:53

Health: -9/21      AC:  2    Str:  4    XL:     4   Next: 43%
Magic:  9/9        EV: 18    Int: 24    God:
Gold:   75         SH:  0    Dex: 15    Spells: 2/9 levels left

rFire   . . .        q - +1 dagger (drain)
rCold   . . .        (no shield)
rNeg    . . .        a - +0 robe
rPois   .            (helmet restricted)
rElec   .            (no cloak)
rCorr   .            (gloves unavailable)
SInv    +            (boots unavailable)
Will    .....        k - amulet of magic regeneration
Stlth   +++          n - +6 ring of intelligence
HPRegen 0.23/turn    (no ring)
MPRegen 0.51/turn

%: no passive effects
@: very quick
A: very small, no large weapons, unfitting armour, see invisible, speed 3
a: no special abilities


You were on level 3 of the Dungeon.
You visited 1 branch of the dungeon, and saw 3 of its levels.

You collected 75 gold pieces.

Inventory:

Hand Weapons
 c - a +0 short sword
 d - a +0 dagger
 q - a +1 dagger of draining (weapon)
Armour
 a - a +0 robe (worn)
Jewellery
 k - an amulet of magic regeneration (around neck)
 n - a +6 ring of intelligence (left hand)
 r - an amulet of regeneration
Scrolls
 e - a scroll of enchant weapon {unknown}
 f - 2 scrolls of fog {unknown}
 g - 2 scrolls of noise {unknown}
 i - 5 scrolls of identify {unknown}
 l - a scroll of amnesia {unknown}
 o - a scroll of teleportation {unknown}
Potions
 b - 2 potions of magic
 h - a potion of attraction {unknown}
 j - a potion of brilliance {unknown}
 m - 2 potions of heal wounds {unknown}
 p - 2 potions of mutation {unknown}


   Skills:
 + Level 1.6 Short Blades
 + Level 3.6 Dodging
 + Level 4.0 Stealth
 + Level 3.2 Spellcasting
 + Level 1.2 Conjurations
 + Level 3.0 Earth Magic
 - Level 1.0 Alchemy


You had 2 spell levels left.
You knew the following spells:

 Your Spells              Type           Power      Damage    Failure   Level
a - Sandblast             Erth           36%        2d10      3%          1
b - Passwall              Erth           18%        N/A       9%          3
c - Stone Arrow           Conj/Erth      28%        3d8       13%         3

Your spell library contained the following spells:

 Spells                   Type           Power      Damage    Failure   Level
 Brom's Barrelling Bould  Conj/Erth      14%        2d4       41%         4
 Petrify                  Alch/Erth      13%        N/A       41%         4


Dungeon Overview and Level Annotations

Branches:
Dungeon (3/15)

Altars:

Annotations:
D:3 Ijyb, Sigmund


Innate Abilities, Weirdness & Mutations

You are very small and have problems with some larger weapons.
You are too small for most types of armour.
You have supernaturally acute eyesight. (SInv)
You cover ground extremely quickly. (Speed+++)


Message History

You hit Ijyb. You drain Ijyb.
Ijyb is moderately wounded.
Ijyb completely misses you.
The +2 spectral club closely misses you.
A +2 spectral club comes into view.
Unknown command.
Unknown command.
You hit Ijyb.
Ijyb is moderately wounded.
Ijyb misses you.
The +2 spectral club closely misses you.
Unknown command.
Unknown command.
Casting: Sandblast (safe; 3% risk of failure)
Confirm with . or Enter, or press ? or * to list all spells.
Aiming: Sandblast (safe; 3% risk of failure)
Press: ? - help, Shift-Dir - straight line, f - Ijyb
Aim: Ijyb, wielding a +2 spectral club, wearing a +0 ring mail and carrying a wand of warping (moderately wounded, heavily drained, 80% to hit)
The blast of sand hits Ijyb but does no damage.
Ijyb is moderately wounded.
Ijyb misses you. The +2 spectral club misses you.
Casting: Sandblast (safe; 3% risk of failure)
Confirm with . or Enter, or press ? or * to list all spells.
Aiming: Sandblast (safe; 3% risk of failure)
Press: ? - help, Shift-Dir - straight line, f/p - Ijyb
Aim: Ijyb, wielding a +2 spectral club, wearing a +0 ring mail and carrying a wand of warping (moderately wounded, heavily drained, 80% to hit)
The blast of sand hits Ijyb but does no damage.
Ijyb is moderately wounded.
Ijyb hits you with a +2 spectral club.
The +2 spectral club closely misses you.
Ijyb hits you with a +2 spectral club.
* * * LOW HITPOINT WARNING * * *
The +2 spectral club barely misses you.
Casting: Sandblast (safe; 3% risk of failure)
Confirm with . or Enter, or press ? or * to list all spells.
Aiming: Sandblast (safe; 3% risk of failure)
Press: ? - help, Shift-Dir - straight line, f/p - Ijyb
Aim: Ijyb, wielding a +2 spectral club, wearing a +0 ring mail and carrying a wand of warping (moderately wounded, heavily drained, 80% to hit)
The blast of sand hits Ijyb but does no damage.
Ijyb is moderately wounded.
Sigmund the Dreaded comes into view.
He is wielding a +0 scythe.
Ijyb completely misses you. The +2 spectral club hits you.
* * * LOW HITPOINT WARNING * * *
There is a stone staircase leading up here.
Unknown command.
The +2 spectral club disappears.
Ijyb zaps a wand.
Space twists violently!
The rupture engulfs you!
You blink.
Ouch! That really hurt!
You die...
Ijyb screams, "Time for next experiment!"

#.....####..
.####..........
.............#
#..ยง..#
#.#..## # #.g#
#
##.#..###.#.##
#....@........
#.#...@.......
#....#########
####.# #. ##


You could see Sigmund and Ijyb (very drained).

Vanquished Creatures
  4 adders (D:2)
  A dart slug (D:2)
  4 ribbon worms (D:2)
  2 endoplasms
  A giant cockroach (D:2)
  5 goblins
  4 hobgoblins
  3 quokkas
  8 ball pythons
  5 bats
  3 frilled lizards
  6 kobolds
  5 rats
51 creatures vanquished.

Notes
Turn   | Place    | Note
-------+----------+-------------------------------------------
     0 | D:1      | Sobieck the Spriggan Earth Elementalist began the quest for
                  | the Orb.
     0 | D:1      | Reached XP level 1. HP: 9/9 MP: 5/5
   425 | D:1      | Reached XP level 2. HP: 13/13 MP: 2/6
   576 | D:1      | Reached skill level 3 in Dodging
   763 | D:1      | Reached skill level 1 in Short Blades
  1163 | D:2      | Reached skill level 1 in Conjurations
  1163 | D:2      | Reached XP level 3. HP: 13/16 MP: 5/8
  1168 | D:2      | Learned a level 3 spell: Passwall
  1181 | D:2      | Reached skill level 3 in Spellcasting
  1181 | D:2      | Reached skill level 1 in Alchemy
  1298 | D:2      | Reached skill level 3 in Earth Magic
  1302 | D:2      | Learned a level 3 spell: Stone Arrow
  1607 | D:2      | Reached XP level 4. HP: 14/21 MP: 7/9
  2058 | D:2      | Reached skill level 4 in Stealth
  2090 | D:3      | Noticed Ijyb
  2097 | D:3      | Noticed Sigmund
  2100 | D:3      | Killed from afar by Ijyb

Illustrated notes

Levels and vault maps discovered:
D:1:      giann_forest_graveyard, layout_basic, serial_corexii_hall,
          corexii_hall_statues_s, corexii_hall_statues_x
D:2:      layout_basic, chequers_serial_rivers_room_a, st_stairs_8
D:3:      layout_loops_ring, gup_sewer_entry_pipe, uniq_ijyb, uniq_sigmund,
          uniq_grinder

Skill      XL: |  1  2  3  4 |
---------------+-------------+-----
Dodging        | 3 |  3.6
Short Blades   | 1 |  1.6
Conjurations   | 1 |  1.2
Spellcasting   | 3 |  3.2
Alchemy        | 1 |  1.0
Earth Magic    | 3 |  3.0
Stealth        | 4 |  4.0

Action                     |  1- 3 |  4- 6 || total
---------------------------+-------+-------++-------
  Melee: Dagger            |     8 |     3 ||    11
         Short sword       |     1 |       ||     1
   Cast: Sandblast         |    47 |    26 ||    73
   Stab: Sleeping          |     7 |     1 ||     8
 Armour: Robe              |    11 |     6 ||    17
  Dodge: Dodged            |    10 |    17 ||    27

Table legend: (Time is in decaauts)
 A = Elapsed time spent in this place.
 B = Non-inter-level travel time spent in this place.
 C = Inter-level travel time spent in this place.
 D = Time resting spent in this place.
 E = Time spent auto-exploring this place.
 F = Levels seen in this place.
 G = Mean time per level.
                   A        B        C        D        E       F      G
               +--------+--------+--------+--------+--------+-----+--------+
         Total |   1460 |   1414 |     46 |      3 |   1104 |   3 |  486.7 |
       Dungeon |   1460 |   1414 |     46 |      3 |   1104 |   3 |  486.7 |
               +--------+--------+--------+--------+--------+-----+--------+

Top non-repeatable levels by time:
     D:1: 781 daAuts
     D:2: 669 daAuts
     D:3: 9 daAuts
